 Dungeon Crawl Stone Soup version 0.19.0-9-gfd783f2 (webtiles) character file.

23191 Gingerlord the Grappler (level 13, -7/115 (116) HPs)
             Began as a Ghoul Monk on Nov 7, 2016.
             Was a High Priest of Yredelemnul.
             Mangled by a black mamba (10 damage)
             ... on level 3 of the Lair of Beasts.
             The game lasted 00:40:23 (14293 turns).

Gingerlord the Grappler (Ghoul Monk)               Turns: 14293, Time: 00:40:26

HP:   -7/115 (116)  AC: 15    Str: 20    XL:     13   Next: 5%
MP:   19/19         EV: 16    Int:  6    God:    Yredelemnul [*****.]
Gold: 857           SH:  0    Dex: 16    Spells: 0 memorised, 12 levels left

rFire  + + +     SeeInvis .     I - +1 scimitar (flame)
rCold  + . .     Gourm    .     f - +3 ring mail of Mumblety Peg {*Drain +Blink rF+ Str+4}
rNeg   + + +     Faith    .     (no shield)
rPois  ∞         Spirit   .     r - +2 helmet
rElec  .         Reflect  .     o - +0 cloak
rCorr  .         Harm     .     N - +0 pair of gloves "Futwesas" {Dex+2} (curse)
MR     .....                    (no boots)
Stlth  +.........               n - amulet of magic regeneration
                                l - ring of protection from fire
                                v - ring of protection from fire

@: rotting, drained
A: rotting body, claws 1, carnivore 3, cold resistance 1, negative energy
resistance 3, slow regeneration 1, torment resistance, unbreathing
a: Recall Undead Slaves, Injury Mirror, Animate Dead, Drain Life, Enslave Soul,
Renounce Religion, Evoke Blink


You were on level 3 of the Lair of Beasts.
You worshipped Yredelemnul.
Yredelemnul was extremely pleased with you.
You were not hungry.

You visited 2 branches of the dungeon, and saw 14 of its levels.
You also visited: Labyrinth, Ossuary and Volcano.

You collected 1017 gold pieces.
You spent 160 gold pieces at shops.

Inventory:

Hand Weapons
 I - a +1 scimitar of flaming (weapon)
Armour
 f - the +3 ring mail of Mumblety Peg (worn) {*Drain +Blink rF+ Str+4}
   (You found it on level 6 of the Dungeon)

   It affects your strength (+4).
   It protects you from fire.
   It lets you blink.
   It causes draining when unequipped.
 o - a +0 cloak (worn)
 r - a +2 helmet (worn)
 N - the cursed +0 pair of gloves "Futwesas" (worn) {Dex+2}
   (You found it in a labyrinth)

   It affects your dexterity (+2).
   It has a curse placed upon it.
Rods
 G - a +3 rod of clouds (12/12)
   (You found it in a labyrinth)
Jewellery
 l - a ring of protection from fire (right hand)
 n - an amulet of magic regeneration (around neck)
 v - a ring of protection from fire (left hand)
 w - an uncursed ring of see invisible
 E - a +2 ring of evasion
Wands
 y - a wand of acid (3/15)
 K - a wand of teleportation (5/9)
Scrolls
 d - 8 scrolls of remove curse
 g - a scroll of fog
 j - 2 scrolls of identify
 k - 3 scrolls of recharging
 m - a scroll of enchant armour
 p - a scroll of enchant weapon
 s - a scroll of noise {unknown}
 x - a scroll of torment
 M - 2 scrolls of magic mapping
Potions
 a - 2 potions of curing
 e - a potion of invisibility
 h - 2 potions of brilliance {unknown}
 i - 2 potions of berserk rage {unknown}
 q - 3 potions of resistance {unknown}
 z - 4 potions of agility
 A - 4 potions of lignification {unknown}
 B - a potion of flight {unknown}
 C - 3 potions of heal wounds
 D - a potion of cancellation {unknown}
Comestibles
 b - 9 meat rations
 c - a slice of pizza
 t - 7 beef jerkies


   Skills:
 + Level 11.1(9.9) Fighting
 + Level 8.8(7.6) Armour
 + Level 9.4(8.2) Dodging
 - Level 2.1(1.2) Stealth
 + Level 11.7(10.4) Unarmed Combat
 + Level 9.7(8.5) Invocations


You had 12 spell levels left.
You didn't know any spells.

Dungeon Overview and Level Annotations

Branches:
Dungeon (10/15)            Temple (0/1) D:6            Lair (4/6) D:8
  Swamp (0/4) Lair:4       Spider (0/4) Lair:2
    Orc: D:9-12

Altars:
Ashenzari
Dithmenos
Gozag
Hepliaklqana
Ru
Sif Muna
Trog
Uskayaw
Vehumet
Xom
Yredelemnul
The Shining One

Shops:
D:5 !


Innate Abilities, Weirdness & Mutations

Your body is rotting away.
You thrive on raw meat.
You are immune to poison.
You have sharp fingernails.
You are carnivorous and can eat meat at any time.
Your flesh is cold resistant. (rC+)
You are immune to negative energy. (rN+++)
You regenerate slowly when monsters are visible.
You are immune to unholy pain and torment.
You can survive without breathing.


Message History

The basilisk gazes at you.
You easily resist.
The black mamba bites you! The black mamba closely misses you.
You barely miss the black mamba. The black mamba misses you.
You riposte.
You slash the black mamba! You burn the black mamba.
The black mamba is heavily wounded.
The black mamba bites you! The black mamba misses you.
You miss the black mamba.
The black mamba is heavily wounded.
The black mamba bites you!
* * * LOW HITPOINT WARNING * * *
The black mamba bites you!
* * * LOW HITPOINT WARNING * * *
You hit the black mamba. You burn the black mamba.
The black mamba is heavily wounded.
The black mamba bites you!
* * * LOW HITPOINT WARNING * * *
The black mamba bites you!
You die...
Yredelemnul claims you as an undead slave.

,***,**** #....####..####..#.#..#
****+,*,* #...[#####+.#*#.##.#.+#
***,,,,,* #....#P#,,,.#*..##....,
,,,,,,,,**#......+,,,..**,,,,,,,,
**,,,,,,,*#...D#.#,,,,***,,****,,
******,**,#....###*,****,,******,
**** *,,*##....#,###* **,,**,,,,
**,***,,.#P...l##..#####*,,,,,,,,
,,,,,,,.......DS@.......,,,,,,,,,
,******#.#########..#.#.,,*,,*,**
** ##* **##*******,*** ***


You could see a five-headed hydra, a black mamba and a basilisk.

Vanquished Creatures
  Erica (D:10)
  4 death yaks (Lair:4)
  An unseen horror (D:10)
  Pikel (D:5)
  A lindwurm (Lair:3)
  A deep elf mage (D:10)
  3 salamanders (Volcano)
  An elephant (D:8)
  The ghost of Zanzabar the Cudgeler, a novice MiFi (D:7)
  The ghost of fearitself the Poker, a novice CeVM of Okawaru (Ossuary)
  4 spiny frogs
  A torpor snail (Lair:4)
  2 komodo dragons (Lair:4)
  A troll (D:9)
  2 two-headed ogres
  A hornet (D:8)
  4 hippogriffs
  3 dream sheep (Lair:4)
  A flying skull (D:10)
  Sigmund (D:4)
  4 yaks
  5 spriggans (Lair:1)
  A fire bat (Volcano)
  A hungry ghost (Lab)
  Menkaure (D:7)
  3 swamp worms (Lair:4)
  A hell hound (Volcano)
  5 water moccasins
  An ice beast (D:6)
  A porcupine (Lair:2)
  A hornet zombie (D:10)
  3 sky beasts
  4 orc warriors
  8 ogres
  5 crocodiles
  6 centaurs
  4 big kobolds
  An elf zombie (Ossuary)
  A gnoll sergeant (D:7)
  11 bullfrogs
  A wyvern zombie (D:8)
  An earth elemental (Lab)
  A scorpion (D:10)
  2 wights (D:10)
  5 crimson imps
  2 bullfrog zombies (D:8)
  2 howler monkeys (D:9)
  A centaur zombie (Ossuary)
  2 quasits (D:10)
  3 jellies
  3 hounds
  3 human zombies (Ossuary)
  8 orc priests
  9 orc wizards
  2 centaur skeletons
  2 iguanas (D:8)
  10 worker ants
  A big kobold zombie (Ossuary)
  A hound skeleton (D:4)
  3 mummies (Ossuary)
  2 worker ant zombies (D:5)
  10 gnolls
  A howler monkey skeleton (D:5)
  9 adders
  2 shadow imps
  An adder zombie (D:9)
  3 adder skeletons
  A worm (D:9)
  4 dart slugs
  3 leopard geckos
  36 orcs
  3 bats
  5 giant cockroaches
  3 gnoll zombies (Ossuary)
  9 goblins
  10 hobgoblins
  A jackal (D:1)
  A quokka (D:9)
  4 frilled lizards
  A goblin zombie (Ossuary)
  3 hobgoblin zombies (Ossuary)
  A jackal zombie (Ossuary)
  27 kobolds
  5 kobold zombies (Ossuary)
  3 orc zombies (Ossuary)
  5 quokka zombies
  9 rats
  5 rat zombies (Ossuary)
331 creatures vanquished.

Vanquished Creatures (collateral kills)
  A hydra (Lair:2)
  A death yak (Lair:4)
  The ghost of Einstein the Peltast, a novice MiFi of Dithmenos (D:10)
  A centaur zombie (D:10)
  A spiny frog (Lair:1)
  A queen bee (shapeshifter) (D:10)
  A troll (D:10)
  A hippogriff (D:9)
  A slime creature (D:9)
  5 spriggans (Lair:1)
  A wraith (D:10)
  6 yaks (Lair:1)
  A water moccasin (Lair:1)
  An orc warrior (D:9)
  An ice beast (D:10)
  A black bear (D:9)
  2 ogres (D:9)
  2 crocodiles (Lair:2)
  2 elf zombies (Ossuary)
  2 bullfrogs
  A gnoll sergeant (D:10)
  2 wights (D:10)
  A howler monkey (D:9)
  A hound (D:9)
  2 jellies (D:9)
  A human zombie (Ossuary)
  2 orc wizards
  A worker ant (D:9)
  2 gnolls (D:10)
  2 adder zombies (Ossuary)
  3 orcs (D:10)
  A kobold (D:9)
  A hobgoblin zombie (Ossuary)
  2 rats (D:9)
  A rat zombie (Ossuary)
56 creatures vanquished.

Vanquished Creatures (others)
  A minotaur (Lab)
  A spectral hill giant (Lair:4)
  4 flying skulls (D:10)
  A fire bat (Volcano)
  A porcupine (Lair:3)
  A slave (D:6)
  2 centaurs
  A wight (D:9)
  2 mummies
  2 howler monkey skeletons (D:9)
  3 orc zombies
  A ball python (D:6)
  3 kobold zombies (D:9)
  A leopard gecko zombie (D:9)
  A plant (Lair:4)
25 creatures vanquished.

Grand Total: 412 creatures vanquished

Notes
Turn   | Place    | Note
-------+----------+-------------------------------------------
     0 | D:1      | Gingerlord the Ghoul Monk began the quest for the Orb.
     0 | D:1      | Reached XP level 1. HP: 19/19 MP: 0/0
   117 | D:1      | Reached XP level 2. HP: 14/25 MP: 1/1
   348 | D:1      | Reached skill level 1 in Armour
   740 | D:1      | Reached XP level 3. HP: 15/30 MP: 2/2
  1288 | D:2      | Found a shimmering altar of Xom.
  1346 | D:2      | Found a shattered altar of Ashenzari.
  1381 | D:2      | Reached XP level 4. HP: 39/39 MP: 3/3
  1692 | D:3      | Found a glowing golden altar of the Shining One.
  1911 | D:3      | Reached XP level 5. HP: 37/46 MP: 4/4
  2364 | D:4      | Noticed Sigmund
  2376 | D:4      | Killed Sigmund
  2376 | D:4      | Reached skill level 5 in Unarmed Combat
  2376 | D:4      | Reached XP level 6. HP: 43/53 MP: 5/5
  2656 | D:4      | Reached XP level 7. HP: 56/60 MP: 6/6
  3048 | D:5      | Entered Level 5 of the Dungeon
  3098 | D:5      | Reached skill level 5 in Fighting
  3314 | D:5      | Found Feuhoe's Distillery.
  3353 | D:5      | Bought a potion of heal wounds for 50 gold pieces
  3353 | D:5      | Bought a potion of might for 40 gold pieces
  3353 | D:5      | Bought a potion of might for 40 gold pieces
  3353 | D:5      | Bought a potion of curing for 30 gold pieces
  3444 | D:5      | Found a hide-covered altar of Uskayaw.
  3578 | D:5      | Found a basalt altar of Yredelemnul.
  3593 | D:5      | Reached XP level 8. HP: 62/69 MP: 7/7
  3770 | D:5      | Became a worshipper of Yredelemnul the Dark
  3770 | D:5      | Reached * piety under Yredelemnul
  3770 | D:5      | Reached ** piety under Yredelemnul
  3981 | D:5      | Found an opulent altar of Gozag.
  3983 | D:5      | Found a sacrificial altar of Ru.
  3985 | D:5      | Found a hazy altar of Hepliaklqana.
  3985 | D:5      | Found a deep blue altar of Sif Muna.
  4150 | D:6      | Noticed Pikel
  4368 | D:6      | Reached skill level 1 in Invocations
  4436 | D:5      | Killed Pikel
  4436 | D:5      | Reached skill level 5 in Dodging
  4436 | D:5      | Reached XP level 9. HP: 13/78 MP: 7/10
  4828 | D:6      | Found a shadowy altar of Dithmenos.
  5093 | D:6      | Found a staircase to the Ecumenical Temple.
  5097 | D:6      | Got a slimy ring mail
  5108 | D:6      | Identified the +3 ring mail of Mumblety Peg {*Drain +Blink rF+ Str+4} (You found it on level 6 of the Dungeon)
  5310 | D:7      | Noticed Zanzabar's ghost (novice MiFi)
  5477 | D:7      | Reached skill level 5 in Armour
  5490 | D:7      | Killed Zanzabar's ghost
  5648 | D:7      | Found a radiant altar of Vehumet.
  5771 | D:7      | Noticed Menkaure
  5778 | D:7      | Killed Menkaure
  5778 | D:7      | Reached *** piety under Yredelemnul
  5778 | D:7      | Reached XP level 10. HP: 86/86 MP: 12/12
  6192 | D:8      | Reached skill level 5 in Invocations
  6318 | D:8      | Found a sand-covered staircase.
  6323 | Ossuary  | Entered an ossuary
  6347 | Ossuary  | Received a gift from Yredelemnul (a mummy)
  6527 | Ossuary  | Reached **** piety under Yredelemnul
  6555 | Ossuary  | Noticed fearitself's ghost (novice CeVM)
  6572 | Ossuary  | Killed fearitself's ghost
  7190 | D:8      | Found a staircase to the Lair.
  7587 | D:8      | Noticed an elephant
  7603 | D:8      | Killed an elephant
  7915 | D:9      | Received a gift from Yredelemnul (a wight)
  8354 | D:9      | Reached ***** piety under Yredelemnul
  8389 | D:9      | Reached XP level 11. HP: 6/95 MP: 14/14
  8855 | D:9      | Received a gift from Yredelemnul (5 flying skulls)
  9186 | D:9      | Noticed a moth of wrath
  9190 | D:9      | Found a bloodstained altar of Trog.
  9335 | D:10     | Entered Level 10 of the Dungeon
  9355 | D:10     | Noticed Erica
  9384 | D:10     | Killed Erica
  9544 | D:10     | Reached skill level 10 in Unarmed Combat
  9578 | D:10     | Noticed a hill giant
  9589 | D:10     | Killed a hill giant
  9589 | D:10     | Enslaved a hill giant
  9663 | D:10     | Noticed Einstein's ghost (novice MiFi)
  9672 | D:10     | Killed Einstein's ghost
  9834 | D:10     | Found a shadowy altar of Dithmenos.
  9834 | D:10     | Noticed a deep elf mage
  9846 | D:10     | Killed a deep elf mage
 10408 | D:10     | Received a gift from Yredelemnul (a mummy)
 10566 | D:10     | Noticed an unseen horror
 10582 | D:10     | Killed an unseen horror
 10777 | Lair:1   | Entered Level 1 of the Lair of Beasts
 11059 | Lair:1   | Reached skill level 10 in Fighting
 11104 | Lair:1   | Reached XP level 12. HP: 92/106 MP: 17/17
 11811 | Lair:2   | Found a labyrinth entrance.
 11821 | Lab      | Entered a labyrinth
 12051 | Lab      | Noticed a minotaur
 12066 | Lab      | Killed a minotaur
 12107 | Lab      | Got a pair of brightly glowing gloves
 12118 | Lab      | Identified the cursed +0 pair of gloves "Futwesas" {Dex+2} (You found it in a labyrinth)
 12281 | Lair:2   | Noticed a four-headed hydra
 12288 | Lair:2   | Killed a two-headed hydra
 12368 | Lair:2   | You fall through a shaft for 2 floors!
 12478 | Lair:4   | Noticed a death yak
 12478 | Lair:4   | Noticed a death yak
 12478 | Lair:4   | Noticed a death yak
 12479 | Lair:4   | Noticed a death yak
 12480 | Lair:4   | Noticed a death yak
 12506 | Lair:4   | Killed a death yak
 12507 | Lair:4   | Killed a death yak
 12516 | Lair:4   | Killed a death yak
 12519 | Lair:4   | Killed a death yak
 12520 | Lair:4   | Killed a death yak
 13274 | Lair:4   | Found a staircase to the Swamp.
 13523 | Lair:3   | Noticed a six-headed hydra
 13566 | Lair:3   | Found a dark tunnel.
 13613 | Volcano  | Entered a volcano
 13878 | Volcano  | Reached XP level 13. HP: 24/116 MP: 14/19
 14293 | Lair:3   | HP: 3/115 [black mamba (12)]
 14293 | Lair:3   | Mangled by a black mamba

Skill      XL: |  1  2  3  4  5  6  7  8  9 10 11 12 |
---------------+-------------------------------------+-----
Armour         | 1 2 3 4 5 6 7 8 |  8.8
Unarmed Combat | 4 5 6 7 8 9 10 11 | 11.7
Dodging        | 3 4 5 6 7 8 9 |  9.4
Fighting       | 4 5 6 7 8 10 11 | 11.1
Invocations    | 2 4 6 8 9 |  9.7
Stealth        | |  2.1

Action                   |  1- 3 |  4- 6 |  7- 9 | 10-12 | 13-15 || total
-------------------------+-------+-------+-------+-------+-------++-------
Melee: Unarmed           |   116 |   151 |   351 |   988 |    14 ||  1620
       Punch             |       |     2 |    12 |    48 |     2 ||    64
       Scimitar          |       |       |       |     5 |     4 ||     9
Invok: Animate Remains   |       |       |     1 |       |       ||     1
       Animate Dead      |       |       |       |     4 |       ||     4
       Recall Undead Sla |       |       |       |     3 |       ||     3
       Enslave Soul      |       |       |       |     1 |       ||     1
       Drain Life        |       |       |       |     1 |     2 ||     3
Evoke: Wand              |       |       |       |     1 |     1 ||     2
  Use: Scroll            |       |     1 |     2 |    20 |       ||    23
       Potion            |       |       |     1 |     9 |     1 ||    11
 Stab: Sleeping          |     2 |       |       |     1 |       ||     3
       Distracted        |       |       |       |     2 |       ||     2
  Eat: Chunk             |     7 |    15 |    20 |    78 |       ||   120
Armor: Robe              |     6 |       |       |       |       ||     6
       Ring mail         |    22 |    41 |    96 |   367 |     4 ||   530
       Chain mail        |       |       |     4 |       |       ||     4
Dodge: Dodged            |    58 |    68 |   192 |   756 |    15 ||  1089
       Rpst.: Scimitar   |       |       |       |       |     3 ||     3
